 Dungeon Crawl Stone Soup version 0.21.0 (webtiles) character file.

165 Matudinoluver the Skirmisher (level 5, -14/48 HPs)
             Began as a Hill Orc Fighter on Mar 13, 2018.
             Blown up by Ijyb (19 damage)
             ... with a wand of disintegration (12)
             ... on level 3 of the Dungeon.
             The game lasted 00:17:35 (1827 turns).

Matudinoluver the Skirmisher (Hill Orc Fighter)     Turns: 1827, Time: 00:17:36

Health: -14/48     AC: 11    Str: 20    XL:     5   Next: 46%
Magic:  20/20      EV:  6    Int:  8    God:
Gold:   81         SH: 11    Dex: 10    Spells: 7/7 levels left

rFire    . . .     SeeInvis .   a - +0 war axe
rCold    . . .     Gourm    .   c - +1 shield
rNeg     . . .     Faith    .   q - +0 chain mail
rPois    .         Spirit   .   v - +0 Maxwell's etheric cage {RegenMP+ *Contam rElec MP+4}
rElec    +         Reflect  .   (no cloak)
rCorr    .         Harm     .   (no gloves)
MR       .....                  (no boots)
Stlth    ..........             (no amulet)
HPRegen  0.16/turn              p - ring of magical power MPRegen 0.67/turn*
                                (no ring)

@: no status effects
A: no striking features
a: no special abilities


You were on level 3 of the Dungeon.
You were not hungry.

You visited 1 branch of the dungeon, and saw 3 of its levels.

You collected 81 gold pieces.

Inventory:

Hand Weapons
 a - a +0 war axe (weapon)
 e - a +0 club
 g - a +0 trident
 s - a +0 mace
 x - a +0 club
 z - a +0 dagger
 A - a +0 hunting sling
Missiles
 i - 15 poisoned needles (quivered)
 j - 18 arrows
Armour
 b - a +1 scale mail
 c - a +1 shield (worn)
 q - a +0 chain mail (worn)
 v - the +0 Maxwell's etheric cage (worn) {RegenMP+ *Contam rElec MP+4}
   (You took it off Robin on level 3 of the Dungeon)

   It insulates you from electricity.
   It affects your magic capacity (+4).
   It causes magical contamination when unequipped.
Jewellery
 h - an uncursed amulet of guardian spirit {unknown}
 p - a ring of magical power (left hand)
Wands
 u - a wand of polymorph (10)
Scrolls
 m - a scroll of teleportation {unknown}
 n - 2 scrolls of identify {unknown}
 o - a scroll of fear {unknown}
Potions
 d - a potion of might
 k - a potion of agility {unknown}
 l - a potion of berserk rage {unknown}
 r - a potion of haste {unknown}
 t - a potion of mutation {unknown}
Comestibles
 f - 5 rations


   Skills:
 + Level 5.4 Fighting
 + Level 3.1 Short Blades
 + Level 5.2(6.3) Axes
 + Level 3.3(4.4) Maces & Flails
 + Level 2.9(4.0) Polearms
 + Level 2.3 Throwing
 + Level 4.9 Armour
 + Level 2.4 Dodging
 + Level 1.8 Stealth
 + Level 5.2 Shields
 + Level 3.1 Unarmed Combat
 + Level 1.9 Spellcasting


You had 7 spell levels left.
You didn't know any spells.

Dungeon Overview and Level Annotations

Branches:
Dungeon (3/15)

Altars:
Gozag
Zin

Annotations:
D:3 Ijyb


Message History

Ijyb is severely wounded.
You barely miss the hobgoblin. The hobgoblin hits you. Ijyb barely misses you.
You hit Ijyb but do no damage.
Ijyb is severely wounded.
You slash the hobgoblin!
You kill the hobgoblin!
Ijyb zaps a wand.
You are blasted!
* * * LOW HITPOINT WARNING * * *
You closely miss Ijyb.
Ijyb is severely wounded.
You slash the frilled lizard!
You kill the frilled lizard!
Ijyb hits you but does no damage.
You closely miss Ijyb.
Ijyb is severely wounded.
Ijyb hits you but does no damage.
You hit Ijyb but do no damage.
Ijyb is severely wounded.
Ijyb zaps a wand.
You are blasted!
You die...

≈≈≈**,* *.##.#####.# *,,*
*,,, ≈≈≈**,* *,*#,*####.#
*,,* *,,, ,,,≈≈,*
*,**,*#....# *,,* *,,,
,,,≈≈,* *,**,*#.#### *,,**
*,,, ∩≈,≈≈,* *,**,*#.# *,,,*
**,* ,,,≈≈,* *,**,*#.# **,**
*,** ,,,≈≈,* *,*#,*#)# *,*
**,* ,≈≈**,*
*,*#.##.#######*,* *,*
,≈≈**,****,*#..g@.......,,*
**,
,,,,,,,,,,,*#....#######****
**+
,**********#...###**,,,,,,,*
*,, ,* *,....#.,,,,,,*******
*,, ,* *,###...******* *,,
,* *,* ##.** *** ,* *,* #.*
** *,* *,* *** *,* *,* *,**


You could see Ijyb.

Vanquished Creatures
  Robin (D:3)
  4 adders
  A river rat (D:3)
  3 dart slugs
  A leopard gecko (D:3)
  An orc (D:3)
  A ball python (D:3)
  15 goblins
  7 hobgoblins
  6 kobolds
  A quokka (D:3)
  7 bats
  5 frilled lizards
  6 rats
59 creatures vanquished.

Notes
Turn   | Place    | Note
-------+----------+-------------------------------------------
     0 | D:1      | Matudinoluver the Hill Orc Fighter began the quest for the Orb.
     0 | D:1      | Reached XP level 1. HP: 19/19 MP: 1/1
   189 | D:1      | Reached XP level 2. HP: 27/27 MP: 2/2
   782 | D:2      | Found an opulent altar of Gozag.
   782 | D:2      | Found a glowing silver altar of Zin.
   885 | D:2      | Reached XP level 3. HP: 27/33 MP: 3/3
  1271 | D:2      | Reached skill level 5 in Fighting
  1271 | D:2      | Reached skill level 1 in Stealth
  1271 | D:2      | Reached skill level 5 in Shields
  1271 | D:2      | Reached skill level 1 in Spellcasting
  1271 | D:2      | Reached XP level 4. HP: 42/42 MP: 3/6
  1650 | D:3      | Reached XP level 5. HP: 46/48 MP: 7/7
  1652 | D:3      | Reached skill level 5 in Axes
  1655 | D:3      | Noticed Robin
  1663 | D:3      | Killed Robin
  1807 | D:3      | Noticed Ijyb
  1827 | D:3      | Blown up by Ijyb

Skill      XL: |  1  2  3  4  5 |
---------------+----------------+-----
Fighting       | 4 5 |  5.4
Axes           | 3 4 5 |  5.2
Short Blades   | 3 |  3.1
Maces & Flails | 3 |  3.3
Polearms       | 2 |  2.9
Throwing       | 2 |  2.3
Armour         | 4 |  4.9
Dodging        | 2 |  2.4
Stealth        | 1 |  1.8
Shields        | 5 |  5.2
Unarmed Combat | 3 |  3.1
Spellcasting   | 1 |  1.9

Action                   |  1- 3 |  4- 6 || total
-------------------------+-------+-------++-------
Melee: War axe           |    88 |    91 ||   179
       Trident           |    13 |       ||    13
  Use: Scroll            |     2 |     2 ||     4
       Potion            |     2 |       ||     2
  Eat: Ration            |     1 |       ||     1
Armor: Scale mail        |    72 |    10 ||    82
       Chain mail        |       |    55 ||    55
Dodge: Dodged            |    37 |    37 ||    74
Block: Shield            |    83 |    84 ||   167
